Description

Based off the popular build used by Byun.

I made a few mistakes.

  • I didn't rally my first SCV to the ramp to wall off. The focus on this build is timing so ignore minor mistakes like that.

  • The 19th SCV could have been queued up, there was a second delay there, which delayed my Orbital another second.

  • I built a depot too early. The second CC finishing gives you enough supply to squeeze in your tech before you need to start building depots.

Replay - TvZ - AI - Good 16 Marine Stim BO

Build Order

Get SALT Encoding   

  12  0:01  SCV  
  13  0:13  SCV  
  14  0:18  Supply Depot  
  14  0:25  SCV  
  15  0:40  SCV  
  15  0:41  Barracks  
  16  0:46  Refinery  
  16  0:52  SCV  
  17  1:04  SCV  
  18  1:18  SCV  
  19  1:29  Reaper  
  19  1:30  Orbital Command  
  20  1:42  Command Center  
  20  1:53  Barracks  
  20  2:05  Barracks Reactor  
  20  2:11  Supply Depot  
  20  2:12  Refinery  
  20  2:13  SCV  
  21  2:25  SCV  
  21  2:28  Factory  
  21  2:39  SCV  
  23  2:45  Barracks Tech Lab, Marine x2  
  24  2:54  Supply Depot  Bad depot, was too early
  25  3:03  Orbital Command  
  25  3:05  Stimpack  
  25  3:07  Marine x2  
  27  3:13  Marine  
  29  3:23  Starport  
  29  3:28  Factory Reactor  
  29  3:37  Marine x3  
  34  3:54  Marine  
  37  4:00  Marine  
  39  4:13  Supply Depot  
  39  4:15  Medivac x2  
Spawning Tool Build Advisor. Get it on Overwolf

Analysis

Early game actions:

  1. Build an SCV and set the rally point to your ramp. [Hotkey CC]

  2. Queue up your second SCV.

  3. After first SCV builds, set rally point back to closest mineral field.

  4. When SCV reaches ramp, build a depot (as soon as you hit 100 minerals is ideal). You may queue up a movement to where you want to place your barracks.

  5. Queue up SCVs until the 16th is in the queue.

  6. As soon as depot finishes, start a barracks. [Hotkey Barracks] You may queue up your SCV to go to your natural expansion (mining a mineral there first if you want).

  7. Quickly go back to your mineral line and get ready to build a refinery as soon as you hit 75 minerals.

  8. Continue building SCVs, queuing them up until the 19th is in queue.

  9. Upon Refinery completion, put two additional workers on gas (for 3/3 mining)

  10. Upon Barracks completion, start a Reaper as soon as you have 50 gas and start your Orbital as soon as the 19th SCV is done building. If you messed up and the SCV is below 25% completion just cancel it and morph Orbital right away and do better next time.

  11. After Reaper and Orbital, go to your natural expansion and start a Command Center at 400 minerals. [Set Rally for it and add to CC hotkey]

  12. Start your second barracks as soon as you have another 150 minerals. [Add it to Barracks Hotkey] You may queue your builder to return to mining minerals.

  13. As soon as your Reaper finishes, start a Reactor. Use the reaper for scouting and harass if you have the APM/multitasking. If not, just keep it alive and scout.

  14. With your next 100 minerals, build a second Depot to complete your wall off at the ramp.

  15. With your next 75 minerals, start the second Refinery. (I'm honestly not sure about the optimal timing for this)

  16. You should hit 150/100 resources around the same time, so be ready to start your Factory. [Hotkey Factory if you want]

  17. When the second Refinery finishes, add two more SCVs to gas (to be 3/3 like the other).

  18. When reactor finishes, build two Marines. Constantly produce Marines from this point on, but prioritize tech first.

  19. When the second Barracks is finished, start a Tech Lab.

  20. When expansion CC finishes, start morphing into an Orbital then continue SCV production out of both CCs.

  21. When Tech Lab finishes, start Stim immediately. Finishing Stim triggers the timing attack, so this needs to be on time. Constantly build three Marines at a time when resources allow, without interfering with tech.

  22. Upon Factory completion, start Starport above/below the Factory and a Reactor on the Factory right after. [Hotkey Starport]

  23. After your tech has started, look to start dropping Depots when you can afford to.

  24. When Starport and Reactor finish, swap the Factory out and begin two Medivacs.

  25. Load up both Medivacs with Marines. Stim and Medivacs should finish about the same time. Boost across the map and harass or poke as safely as possible. Losing everything without dealing damage will put you behind.

Behind this, just continue to macro up. Add barracks up to five. Drop double E-Bays if you want. Take your 3rd and 4th gas when both minerals are saturated. Look to taking a third, even if in base. Produce out of Factory if needed.

Go to:

Details

  • Created by: fansturnonyou
  • Published on: May 14, 2017
  • Modified on: May 14, 2017
  • Patch: 3.8.0
Show
View Real Time Build Order
Export as new Build Order

Comments (1)

On May 19, 2017, 6:11 p.m., Storky2  said:

Nice, its looks same to 2-1-1 which I using alot.
Two remarks - get 2 supplies after reactor on factory, use it as reminder.
And build 2nd CC behind the wall, when 2nd OC upgrade will finish you'll just get 16 workers on minerals at main and loose nothing in gathering. I got scouted and punished for CC on lowground with early zerglings.

Create an account to comment!